 Dungeon Crawl Stone Soup version 0.30-a0-29-g142975f185 (webtiles) character file.

Game seed: 15149514768423196201

567 xian the Conjurer (level 7, -5/42 HPs)
             Began as an Octopode Conjurer on Aug 26, 2022.
             Slain by a gnoll
             ... wielding a +3 vorpal spear
             ... led by a gnoll bouda
              (10 damage)
             ... on level 5 of the Dungeon.
             The game lasted 00:07:58 (4606 turns).

xian the Conjurer (Octopode Conjurer)               Turns: 4606, Time: 00:07:59

Health: -5/42      AC:  1    Str:  7    XL:     7   Next: 33%
Magic:  5/13       EV: 13    Int: 28    God:
Gold:   272        SH:  0    Dex: 10    Spells: 7/14 levels left

rFire   . . .      SeeInvis +    n - staff of conjuration
rCold   . . .      Faith    .    (no shield)
rNeg    . . .      Spirit   .    (helmet restricted)
rPois   .          Reflect  .    (no amulet)
rElec   .          Harm     .    e - ring of see invisible
rCorr   .          Rampage  .    k - +6 ring of intelligence
Will    .....                    (no ring)
Stlth   +++.......               (no ring)
HPRegen 0.14/turn                (no ring)
MPRegen 0.13/turn                (no ring)
                                 (no ring)
                                 (no ring)

@: no status effects
A: almost no armour, amphibious, 8 rings, camouflage 1, gelatinous body 1,
(nimble swimmer 1), tentacles
a: no special abilities


You were on level 5 of the Dungeon.
You visited 1 branch of the dungeon, and saw 5 of its levels.

You collected 272 gold pieces.

Inventory:

Missiles
 j - 5 curare-tipped darts
Magical Staves
 n - a staff of conjuration (weapon)
Jewellery
 e - a ring of see invisible (left tentacle)
 k - a +6 ring of intelligence (right tentacle)
Scrolls
 b - a scroll of enchant armour {unknown}
 d - a scroll of immolation {unknown}
 h - a scroll of enchant weapon {unknown}
 i - a scroll of silence {unknown}
 l - a scroll of teleportation {unknown}
 q - a scroll of magic mapping {unknown}
 r - a scroll of noise {unknown}
 s - a scroll of butterflies {unknown}
Potions
 a - a potion of magic
 c - a potion of resistance
 f - a potion of lignification
 g - a potion of invisibility
 m - 2 potions of mutation
 o - a potion of attraction {unknown}
 p - a potion of degeneration {unknown}
 t - 2 potions of ambrosia {unknown}


   Skills:
 + Level 0.6 Fighting
 + Level 0.6 Staves
 + Level 2.8 Dodging
 + Level 3.4 Stealth
 + Level 4.2 Spellcasting
 + Level 5.9 Conjurations
 * Level 3.1 Summonings


You had 7 spell levels left.
You knew the following spells:

 Your Spells              Type           Power      Damage    Failure   Level
a - Magic Dart            Conj           100%       1d8       1%          1
b - Searing Ray           Conj           100%       2d8       1%          2
c - Iskenderun's Mystic   Conj/Tloc      33%        2d8       22%         4

Your spell library contained the following spells:

 Spells                   Type           Power      Damage    Failure   Level
 Dazzling Flash           Conj/Hex       66%        N/A       6%          3
 Freeze                   Ice            20%        1d4       8%          1
 Frozen Ramparts          Ice            10%        1d2       22%         3
 Fulminant Prism          Conj/Hex       16%        3d11      22%         4
 Hailstorm                Conj/Ice       33%        3d8       22%         4
 Cause Fear               Hex            2%         N/A       58%         4
 Dragon Form              Tmut           2%         N/A       100%        7
 Dragon's Call            Summ           11%        N/A       100%        9


Dungeon Overview and Level Annotations

Branches:
Dungeon (5/15)
 Temple: D:4-7

Altars:
Elyvilon

Shops:
D:1 [(

Annotations:
D:4 2 runed translucent doors, ytrimaz's ghost, amateur DsMo


Innate Abilities, Weirdness & Mutations

You cannot wear most types of armour.
You are amphibious.
You can wear up to eight rings at the same time.
Your skin changes colour to match your surroundings (Stealth+).
Your rubbery body absorbs attacks. (AC +1, EV +1)
((You are camouflaged when in or above water. (Stealth+)))
You have tentacles for arms and can constrict up to eight enemies at once.


Message History

The gnoll bouda barks out a call to the hunt!
The gnolls pick up the pace!
The searing ray hits the gnoll.
You kill the gnoll!
The gnoll hits you from afar with a +0 spear!
Unknown command.
Casting: Searing Ray (safe; 1% risk of failure)
Confirm with . or Enter, or press ? or * to list all spells.
Aiming: Searing Ray (safe; 1% risk of failure)
Press: ? - help, Shift-Dir - straight line, f - gnoll
Aim: a gnoll, wielding a +0 spear (covering ground quickly, 85% to hit)
You feel a surge of power!
The searing ray hits the gnoll!
The gnoll is severely wounded.
The searing ray hits the gnoll!
The gnoll is severely wounded.
The searing ray hits the gnoll!
The gnoll is almost dead. (Press . to maintain the ray.)
The searing ray hits the gnoll!
You kill the gnoll!
The gnoll hits you from afar with a +0 spear.
The gnoll misses you.
Unknown command.
The searing ray hits the gnoll.
The gnoll is moderately wounded.
The gnoll hits you from afar with a +0 spear.
The gnoll hits you with a +0 club. The gnoll barely misses you.
Unknown command.
You hit the gnoll. You grab the gnoll. You squeeze the gnoll.
The gnoll is almost dead.
You constrict the gnoll. The gnoll closely misses you. The gnoll misses you.
The gnoll hits you from afar with a +3 vorpal spear!
* * * LOW HITPOINT WARNING * * *
You barely miss the gnoll.
The gnoll is almost dead.
You constrict the gnoll, but do no damage.
The gnoll hits you with a +0 club.
* * * LOW HITPOINT WARNING * * *
The gnoll hits you from afar with a +3 vorpal spear!
You die...

....#.. ...... .
.....# ...... ##
.#....##......
#.. .....#†......
.... #...#.......
#....#...........
#....g.........
#..>gg.@.......
#...)..##g.......
....#.. #........
....... .........
. ..g.......#...#
...g.....######.#
........# #
....##.. ##.


You could see a gnoll bouda and 3 gnolls.

Vanquished Creatures
  2 scorpions (D:4)
  A hound (D:4)
  3 orc priests
  An iguana (D:4)
  Natasha (thrice) (D:3)
  3 orc wizards
  2 gnolls (D:5)
  4 adders
  A white imp (D:4)
  2 worms
  3 dart slugs
  11 orcs
  8 bats
  5 endoplasms
  4 giant cockroaches
  4 goblins
  3 hobgoblins
  10 kobolds
  A quokka (D:1)
  6 ball pythons
  5 frilled lizards
  8 rats
90 creatures vanquished.

Vanquished Creatures (others)
  2 plants (D:4)
2 creatures vanquished.

Grand Total: 92 creatures vanquished

Notes
Turn   | Place    | Note
-------+----------+-------------------------------------------
     0 | D:1      | xian the Octopode Conjurer began the quest for the Orb.
     0 | D:1      | Reached XP level 1. HP: 11/11 MP: 3/3
   141 | D:1      | Reached XP level 2. HP: 17/17 MP: 1/5
   255 | D:1      | Found Ecija's Armour Shoppe.
   312 | D:1      | Found Ynaffea's Weapon Shoppe.
   373 | D:1      | Learned a level 2 spell: Searing Ray
  1075 | D:2      | Reached XP level 3. HP: 21/21 MP: 4/6
  1412 | D:2      | Reached skill level 1 in Summonings
  1901 | D:3      | Reached XP level 4. HP: 27/27 MP: 3/7
  1994 | D:3      | Reached skill level 5 in Conjurations
  1995 | D:3      | Reached XP level 5. HP: 29/31 MP: 2/9
  2005 | D:3      | Learned a level 4 spell: Iskenderun's Mystic Blast
  2085 | D:3      | Found a white marble altar of Elyvilon.
  2161 | D:3      | Noticed Natasha
  2166 | D:3      | Killed Natasha
  2181 | D:3      | Noticed Natasha
  2188 | D:3      | Killed Natasha
  2189 | D:3      | Noticed Natasha
  2197 | D:3      | Killed Natasha
  2198 | D:3      | Reached XP level 6. HP: 5/36 MP: 0/11
  2947 | D:3      | Found a faded altar of an unknown god.
  3775 | D:4      | Found a large runed translucent door.
  3776 | D:4      | Found a large runed translucent door.
  3778 | D:4      | Noticed ytrimaz's ghost (amateur DsMo)
  3948 | D:4      | Reached XP level 7. HP: 42/42 MP: 3/13
  4576 | D:5      | Entered Level 5 of the Dungeon
  4606 | D:5      | Slain by a gnoll

Illustrated notes

Levels and vault maps discovered:
D:1:      lightli_arrival_noodles, layout_basic, serial_shops, shop,
          shop_statue, feat_on_display
D:2:      layout_loops_ring, minmay_misc_feat_more_columns, nrook_loot_triangle,
          kennysheep_cross_room, kennysheep_generic_room_11
D:3:      layout_basic, mainiacjoe_overflow_concentric_impassable,
          dreamdust_ecumenical_altar_hidden_monk_grotto, corexii_hall_statues_x,
          uniq_natasha
D:4:      layout_loops_ring, ebering_ghost_disaster_area, serial_bayou,
          serial_bayou_ford_a, serial_bayou_shore_b, serial_bayou_pond_e,
          serial_bayou_shore_b, minivault_26
D:5:      layout_cave_pools

Skill      XL: |  1  2  3  4  5  6 |
---------------+-------------------+-----
Summonings     | 1 2 3 |  3.1
Stealth        | 3 |  3.4
Conjurations   | 5 |  5.9
Spellcasting   | 3 4 |  4.2
Fighting       | |  0.6
Staves         | |  0.6
Dodging        | |  2.8

Action                   |  1- 3 |  4- 6 |  7- 9 || total
-------------------------+-------+-------+-------++-------
Melee: Unarmed           |     7 |       |       ||     7
       Constrict         |     3 |     4 |     1 ||     8
       Tentacles         |     2 |     3 |     1 ||     6
       Staff             |     6 |    10 |     2 ||    18
 Cast: Magic Dart        |    58 |    55 |     9 ||   122
       Searing Ray       |     3 |    13 |     5 ||    21
  Use: Scroll            |       |     3 |     1 ||     4
 Stab: Distracted        |       |     1 |       ||     1
Armor: Skin              |     2 |     1 |       ||     3
Dodge: Dodged            |    16 |    11 |     6 ||    33

Table legend: (Time is in decaauts)
 A = Elapsed time spent in this place.
 B = Non-inter-level travel time spent in this place.
 C = Inter-level travel time spent in this place.
 D = Time resting spent in this place.
 E = Time spent auto-exploring this place.
 F = Levels seen in this place.
 G = Mean time per level.
                   A        B        C        D        E       F      G
               +--------+--------+--------+--------+--------+-----+--------+
         Total |   4630 |   4528 |    102 |      0 |   4034 |   5 |  926.0 |
       Dungeon |   4630 |   4528 |    102 |      0 |   4034 |   5 |  926.0 |
               +--------+--------+--------+--------+--------+-----+--------+

Top non-repeatable levels by time:
     D:4: 1399 daAuts
     D:3: 1346 daAuts
     D:2: 1049 daAuts
     D:1: 805 daAuts
     D:5: 29 daAuts
